 Dungeon Crawl Stone Soup version 0.18.1-48-g4cf74bf (webtiles) character file.

93 Groucho the Skirmisher (level 4, -3/40 HPs)
             Began as a Minotaur Fighter on July 10, 2016.
             Slain by an ogre
             ... wielding a +0 giant spiked club
              (15 damage)
             ... on level 4 of the Dungeon.
             The game lasted 00:04:09 (2145 turns).

Groucho the Skirmisher (Minotaur Fighter)           Turns: 2145, Time: 00:04:10

Health: -3/40      AC: 14    Str: 22    XL:     4   Next: 36%
Magic:  3/3        EV:  4    Int:  5    God:
Gold:   125        SH:  9    Dex:  9    Spells: 0 memorised, 3 levels left

rFire  . . .     SeeInvis .     a - +0 war axe
rCold  . . .     Gourm    .     j - +0 plate armour
rNeg   . . .     Faith    .     c - +0 shield
rPois  .         Spirit   .     (helmet restricted)
rElec  .         Dismiss  .     t - +0 cloak
rCorr  .         Reflect  .     (no gloves)
SustAt .         Harm     .     x - +0 pair of boots
MR     .....                    (no amulet)
Stlth  ..........               (no ring)
                                (no ring)

@: not resistant to hostile enchantments, extremely unstealthy
A: retaliatory headbutt, horns 2
a: no special abilities


You were on level 4 of the Dungeon.
You were hungry.

You visited 1 branch of the dungeon, and saw 4 of its levels.

You collected 125 gold pieces.

Inventory:

Hand Weapons
 a - a +0 war axe (weapon)
Missiles
 g - 67 stones (quivered)
 o - 3 javelins
Armour
 c - a +0 shield (worn)
 j - a +0 plate armour (worn)
 t - a +0 cloak (worn)
 x - a +0 pair of boots (worn)
Jewellery
 b - an uncursed amulet of dismissal {unknown}
 h - an uncursed amulet of harm {unknown}
 q - a cursed ring of loudness {unknown}
 s - an uncursed ring of flight {unknown}
Scrolls
 k - 2 scrolls of blinking {unknown}
 m - 2 scrolls of identify {unknown}
 n - 2 scrolls of remove curse {unknown}
 v - 2 scrolls of teleportation {unknown}
Potions
 d - 3 potions of might
 e - 3 potions of flight {unknown}
 i - a potion of degeneration {unknown}
 p - a potion of haste {unknown}
 r - a potion of cure mutation {unknown}
 u - a potion of heal wounds {unknown}
Comestibles
 f - 2 bread rations
 l - 2 slices of pizza
 w - a meat ration


   Skills:
 + Level 4.3 Fighting
 * Level 4.1 Axes
 + Level 4.2 Armour
 + Level 4.2 Shields


You had 3 spell levels left.
You didn't know any spells.

Dungeon Overview and Level Annotations

Branches:
Dungeon (4/15)
 Temple: D:4-7

Altars:
Fedhas


Innate Abilities, Weirdness & Mutations

You reflexively headbutt those who attack you in melee.
You have a pair of horns on your head.


Message History

You open the door.
There is an open door here.
An ogre comes into view. It is wielding a giant spiked club.
The ogre shouts!
The ogre hits you with a giant spiked club.
You barely miss the ogre. You headbutt the ogre.
The ogre is moderately wounded.
The ogre hits you with a giant spiked club!
You hit the ogre but do no damage.
The ogre is moderately wounded.
The ogre hits you but does no damage.
You closely miss the ogre.
The ogre is moderately wounded.
The ogre hits you with a giant spiked club!
* * * LOW HITPOINT WARNING * * *
You are too injured to fight recklessly!
You are too injured to fight recklessly!
There is an open door here.
The ogre hits you with a giant spiked club!
You die...

.....##.####.......####.#########
.....##>......###'#####'#####
.....########.# #...........#
#...## #.###...........# #...#
#..##...........# #...#
######.##...........#
#...#####..^....#....[......#
........#.###.#.#O..........#
........#.# #.#.@...........#
........#.# #.##..........).#
........#.# #.##............#
........'.# #.##............#
........### #.###...........
........# #.# #..........
........# #.# #.........
######### #.#####+# #


You could see an ogre.

Vanquished Creatures
  A hound (D:4)
  2 adders
  2 oozes
  A dart slug (D:1)
  A ball python (D:1)
  A bat (D:1)
  4 giant cockroaches
  4 goblins
  2 hobgoblins (D:1)
  4 jackals (D:2)
  A quokka (D:2)
  3 giant newts
  6 kobolds
  2 rats
34 creatures vanquished.

Notes
Turn   | Place    | Note
--------------------------------------------------------------
     0 | D:1      | Groucho the Minotaur Fighter began the quest for the Orb.
     0 | D:1      | Reached XP level 1. HP: 19/19 MP: 0/0
   230 | D:1      | Reached XP level 2. HP: 27/27 MP: 1/1
   893 | D:2      | Found a blossoming altar of Fedhas.
  1006 | D:2      | Reached XP level 3. HP: 31/33 MP: 2/2
  2040 | D:4      | Reached XP level 4. HP: 21/40 MP: 3/3
  2119 | D:4      | Noticed an ogre
  2145 | D:4      | Slain by an ogre

Skill      XL: |  1  2  3 |
---------------+----------+-----
Axes           | 3 4 |  4.1
Fighting       | 4 |  4.3
Armour         | 4 |  4.2
Shields        | 4 |  4.2

Action                   |  1- 3 |  4- 6 || total
-------------------------+-------+-------++-------
Melee: War axe           |   101 |     3 ||   104
       Headbutt          |    14 |     1 ||    15
  Eat: Chunk             |     3 |       ||     3
Armor: Scale mail        |    12 |       ||    12
       Plate armour      |    57 |     1 ||    58
Dodge: Dodged            |    13 |       ||    13
Block: Shield            |    55 |       ||    55
